[Event "Titled Tuesday Blitz July 11 Late 2023"]
[White "Ovchinnikov, Vsevolod"]
[Black "Kaplan, Avi Harrison"]
[WhiteFideId "24176842"]
[BlackFideId "30934559"]
[WhiteElo "2652"]
[BlackElo "2484"]
[Result "1-0"]
[Round "10"]
[TimeControl "180+2"]
[Date "2023.07.11"]
[WhiteClock "0:00:18"]
[BlackClock "0:00:14"]
[Board "27"]

1. d4 Nf6 2. c4 c5 3. d5 b5 4. cxb5 a6 5. bxa6 Bxa6 6. Nc3 d6 7. Nf3 g6 8. e4 Bxf1 9. Kxf1 Bg7 10. g3 O-O 11. Kg2 Nbd7 12. h3 Ra6 13. Qc2 Qa8 14. a4 e6 15. dxe6 fxe6 16. Re1 d5 17. exd5 exd5 18. Nb5 Ne8 19. Ra3 Raf6 20. Re7 Qc6 21. Bg5 Rf5 22. g4 Rxg5 23. Nxg5 Ne5 24. Re6 Qb7 25. Qxc5 d4+ 26. f3 h6 27. Ne4 Rxf3 28. Rxe8+ Kh7 29. Rxe5 Bxe5 30. Qxe5 Rf8 31. Rf3 Rxf3 32. Kxf3 d3 33. Qd4 Qf7+ 34. Ke3 g5 35. Qxd3 Kg8 36. Nbd6 Qe6 37. Qc4 Qxc4 38. Nxc4 h5 39. Nxg5 h4 40. Nf3 Kg7 41. Nxh4 Kf6 42. Nf3 Ke6 43. Kd4 Kf6 44. b4 Ke6 45. a5 Kd7 46. b5 Kc7 47. Kc5 Kb7 48. h4 Kc7 49. h5 Kd7 50. a6 Ke7 51. a7 Kf7 52. a8=Q Ke6 53. Qd5+ Ke7 54. Qd6+ Ke8 55. Qc7 Kf8 56. Qd7 Kg8 57. Qe7 Kh8 58. Ng5 Kg8 59. Qf7+ Kh8 60. Qh7# 1-0


[Site "https://www.chess.com"]

[Event "Titled Tuesday Blitz July 11 Late 2023"]
[White "Weishaeutel, Moritz"]
[Black "Todorovic, Bojan"]
[WhiteFideId "12967300"]
[BlackFideId "917087"]
[WhiteElo "2648"]
[BlackElo "2431"]
[Result "0-1"]
[Round "10"]
[TimeControl "180+2"]
[Date "2023.07.11"]
[WhiteClock "0:00:00"]
[BlackClock "0:00:42"]
[Board "28"]

1. e4 g6 2. h4 d5 3. exd5 Nf6 4. d4 Nxd5 5. h5 Bg7 6. h6 Bf6 7. Nf3 Nc6 8. c3 O-O 9. Be2 e5 10. dxe5 Nxe5 11. Nbd2 Nf4 12. Nxe5 Bxe5 13. Nf3 Qe7 14. Nxe5 Qxe5 15. Bxf4 Qxf4 16. Qd2 Qxd2+ 17. Kxd2 Bf5 18. Rad1 Rfe8 19. Bf3 c6 20. Rhe1 Kf8 21. Kc1 Rxe1 22. Rxe1 Rd8 23. b4 f6 24. a4 g5 25. g4 Rd3 26. gxf5 Rxc3+ 27. Kb1 Rxf3 28. Rd1 Ke7 29. Re1+ Kf7 30. Rd1 Rxf5 31. Rd7+ Kg6 32. Rxb7 a5 33. b5 cxb5 34. axb5 Rxf2 35. Rc7 Rf4 36. Rc2 Rb4+ 37. Rb2 Rd4 38. b6 Rd8 39. b7 Rb8 40. Kc2 a4 41. Rb4 f5 42. Kb2 g4 43. Ka3 g3 44. Kxa4 g2 45. Rb1 Rxb7 46. Rxb7 Kxh6 47. Rb1 f4 48. Kb3 f3 49. Rg1 f2 50. Rxg2 f1=Q 51. Rh2+ Kg5 52. Rxh7 Qd3+ 53. Kb2 Qxh7 54. Ka1 Qb7 0-1


[Site "https://www.chess.com"]

[Event "Titled Tuesday Blitz July 11 Late 2023"]
[White "Tristan, Leonardo"]
[Black "Moral Garcia, Serafin"]
[WhiteFideId "113816"]
[BlackFideId "2201925"]
[WhiteElo "2777"]
[BlackElo "2557"]
[Result "1-0"]
[Round "10"]
[TimeControl "180+2"]
[Date "2023.07.11"]
[WhiteClock "0:00:12"]
[BlackClock "0:00:02"]
[Board "29"]

1. d4 Nf6 2. Nf3 g6 3. Bf4 c5 4. c3 Qb6 5. Qb3 Nc6 6. e3 Bg7 7. h3 d6 8. Nbd2 Qxb3 9. axb3 O-O 10. Be2 Re8 11. O-O Bd7 12. Bh2 b6 13. Rfd1 Nd5 14. e4 Nc7 15. d5 Ne5 16. Nxe5 Bxe5 17. Bxe5 dxe5 18. Nf3 f6 19. d6 exd6 20. Rxd6 Be6 21. Rc6 Re7 22. Nd2 Kf7 23. Nc4 Bxc4 24. Bxc4+ Kg7 25. Rd6 b5 26. Bd5 Nxd5 27. Rxd5 Rc7 28. Ra5 a6 29. Rd6 Kf7 30. Kf1 Rca7 31. Rc6 Rd8 32. Rxc5 Rd2 33. Rcxb5 Rxb2 34. g3 Rd7 35. Rxa6 g5 36. Rbb6 Kg7 37. b4 h5 38. Rxf6 g4 39. hxg4 hxg4 40. Rg6+ Kf7 41. Raf6+ Ke7 42. Rg7+ Kxf6 43. Rxd7 Rc2 44. Rc7 Kg5 45. b5 1-0


[Site "https://www.chess.com"]

[Event "Titled Tuesday Blitz July 11 Late 2023"]
[White "Salazar Farias, Luis German"]
[Black "Krzyzanowski, Marcin"]
[WhiteFideId "3902170"]
[BlackFideId "1132199"]
[WhiteElo "2552"]
[BlackElo "2768"]
[Result "0-1"]
[Round "10"]
[TimeControl "180+2"]
[Date "2023.07.11"]
[WhiteClock "0:00:00"]
[BlackClock "0:00:07"]
[Board "30"]

1. d4 Nf6 2. c4 d6 3. Nf3 g6 4. g3 Bg7 5. Bg2 O-O 6. Nc3 Nc6 7. d5 Na5 8. b3 c5 9. Bb2 a6 10. O-O Rb8 11. Qc1 b5 12. Nd2 e5 13. dxe6 fxe6 14. cxb5 axb5 15. Nce4 Bb7 16. Rb1 Nc6 17. Bxf6 Bxf6 18. Nxf6+ Qxf6 19. Ne4 Qe7 20. Qd2 d5 21. Nc3 b4 22. Na4 Rbc8 23. Rbc1 Ne5 24. h3 Nd7 25. Qe3 d4 26. Qd3 Bxg2 27. Kxg2 e5 28. f3 Kg7 29. Qa6 e4 30. f4 Rc7 31. Qc4 Nf6 32. Nxc5 Kh6 33. Qxd4 Rd8 34. Qe3 Nd5 35. Qd4 Nxf4+ 36. Rxf4 Rxd4 37. Rh4+ Qxh4 38. gxh4 Rd5 39. Nd3 exd3 0-1


[Site "https://www.chess.com"]

[Event "Titled Tuesday Blitz July 11 Late 2023"]
[White "Hajiyev, Kanan"]
[Black "Oro, Faustino"]
[WhiteFideId "13404148"]
[BlackFideId "20000197"]
[WhiteElo "2551"]
[BlackElo "2727"]
[Result "0-1"]
[Round "10"]
[TimeControl "180+2"]
[Date "2023.07.11"]
[WhiteClock "0:00:00"]
[BlackClock "0:00:48"]
[Board "31"]

1. d4 Nf6 2. Nf3 e6 3. c4 d5 4. cxd5 exd5 5. Nc3 Be7 6. Qc2 O-O 7. Bf4 c6 8. e3 Nbd7 9. Bd3 Re8 10. O-O Nf8 11. Rab1 a5 12. h3 Ng6 13. Bh2 Bd6 14. Bxd6 Qxd6 15. a3 Bd7 16. Na4 Ne4 17. Bxe4 dxe4 18. Nd2 Nh4 19. Kh1 Bf5 20. Qc5 Qg6 21. Rg1 Qh6 22. Nb6 Rad8 23. Nbc4 Rd5 24. Qb6 Ng6 25. Qc7 Qh5 26. Qh2 Qe2 27. Rgf1 Be6 28. Rbe1 Qd3 29. Rd1 Rh5 30. Rfe1 Bxc4 31. Nf3 Qb3 0-1


[Site "https://www.chess.com"]

[Event "Titled Tuesday Blitz July 11 Late 2023"]
[White "Rottenwohrer Suarez, Juan"]
[Black "Jaferian, Koosha"]
[WhiteFideId "32068182"]
[BlackFideId "12507440"]
[WhiteElo "2551"]
[BlackElo "2707"]
[Result "0-1"]
[Round "10"]
[TimeControl "180+2"]
[Date "2023.07.11"]
[WhiteClock "0:00:00"]
[BlackClock "0:00:10"]
[Board "32"]

1. d4 Nf6 2. Nf3 d5 3. c4 e6 4. g3 Bb4+ 5. Bd2 Be7 6. Bg2 O-O 7. O-O c6 8. Qc2 b6 9. Bf4 Nbd7 10. Nbd2 Ba6 11. b3 Rc8 12. e4 Bb7 13. e5 Ne8 14. cxd5 cxd5 15. Qd3 Nc7 16. Rfe1 Na6 17. a3 Nab8 18. b4 Nc6 19. h4 h6 20. h5 Rc7 21. Nf1 Qc8 22. N1h2 Rd8 23. Ng4 Bf8 24. Bh3 Ne7 25. Bxh6 gxh6 26. Nf6+ Nxf6 27. exf6 Rc3 28. Qe2 Nf5 29. Ne5 Bd6 30. Qg4+ Kh7 31. Nxf7 Rg8 32. Nxd6 Nxd6 33. Qxe6 Qxe6 34. Rxe6 Bc8 35. Re7+ Kh8 36. Bxc8 Rcxc8 37. Rae1 Ne4 38. Rxa7 Rgf8 39. f3 Nxf6 40. Re6 Kg8 41. g4 Rf7 42. Rxf7 Kxf7 43. Rxb6 Rc3 44. f4 Rxa3 45. Rb7+ Ke6 46. Rb6+ Kf7 47. Rb7+ Ke6 48. Rb6+ Ke7 49. Rb7+ Nd7 50. g5 hxg5 51. fxg5 Rg3+ 52. Kf1 Rxg5 53. h6 Rh5 54. Rb5 Kd6 55. Ke2 Rxh6 56. Ra5 Rh3 57. Ra6+ Kc7 58. b5 Rb3 59. Rc6+ Kb7 60. Rd6 Nb6 0-1


[Site "https://www.chess.com"]

[Event "Titled Tuesday Blitz July 11 Late 2023"]
[White "Fantinel, Thibault"]
[Black "Martin Barcelo, Carles"]
[WhiteFideId "663395"]
[BlackFideId "24561444"]
[WhiteElo "2644"]
[BlackElo "2472"]
[Result "1-0"]
[Round "10"]
[TimeControl "180+2"]
[Date "2023.07.11"]
[WhiteClock "0:00:09"]
[BlackClock "0:00:00"]
[Board "33"]

1. d4 d5 2. Nf3 Nf6 3. Bf4 e6 4. e3 Bd6 5. Nbd2 O-O 6. c3 b6 7. h4 c5 8. h5 h6 9. Ne5 Bxe5 10. dxe5 Ne4 11. Nxe4 dxe4 12. Qg4 Kh8 13. Rd1 Qe7 14. Rh3 f5 15. Qg6 Nc6 16. Bb5 Bd7 17. Rd6 Rac8 18. Rg3 Qf7 19. Bxh6 Qxg6 20. Rxg6 Rf7 21. Rxg7 Rxg7 22. Bxg7+ Kxg7 23. Rxd7+ Kh6 24. Rd6 Nd8 25. Be2 Kg5 26. a4 Kh6 27. f4 exf3 28. Bxf3 Kg5 29. Kf2 Kh6 30. Kg3 Kg5 31. c4 Rb8 32. b3 Rc8 33. Rd7 Nc6 34. Bxc6 Rxc6 35. Rxa7 Kxh5 36. Kf4 Rc8 37. Rb7 Rd8 38. Rxb6 Rd3 39. Rxe6 Rxb3 40. Rf6 Ra3 41. Rxf5+ Kg6 42. e6 Rxa4 43. Rxc5 Ra8 44. Rc6 Re8 45. Ke5 1-0


[Site "https://www.chess.com"]

[Event "Titled Tuesday Blitz July 11 Late 2023"]
[White "Trifan, Andrei Ioan"]
[Black "Skliarov, Viktor"]
[WhiteFideId "12967068"]
[BlackFideId "14106736"]
[WhiteElo "2531"]
[BlackElo "2644"]
[Result "0-1"]
[Round "10"]
[TimeControl "180+2"]
[Date "2023.07.11"]
[WhiteClock "0:00:55"]
[BlackClock "0:00:38"]
[Board "34"]

1. e4 c5 2. Nf3 Nc6 3. Nc3 Nf6 4. Bb5 Nd4 5. Bc4 e6 6. O-O Qc7 7. Re1 Ng4 8. g3 Nxf3+ 9. Qxf3 Ne5 10. Qe2 Nxc4 11. Qxc4 a6 12. a4 h5 13. d4 h4 14. Bf4 d6 15. b4 hxg3 16. Bxg3 b6 17. dxc5 bxc5 18. Rad1 Bb7 19. b5 Be7 20. Qd3 e5 21. bxa6 Bxa6 22. Nb5 Bxb5 23. Qxb5+ Qd7 24. Qxd7+ Kxd7 25. Bxe5 Rxa4 26. Bxd6 Bxd6 27. e5 Rg4+ 28. Kf1 Rxh2 29. Rxd6+ Ke7 30. Rc6 Rh1+ 31. Ke2 Re4+ 0-1


[Site "https://www.chess.com"]

[Event "Titled Tuesday Blitz July 11 Late 2023"]
[White "Seletsky, Grigory"]
[Black "Martinez Ramirez, Lennis"]
[WhiteFideId "14112191"]
[BlackFideId "3509079"]
[WhiteElo "2456"]
[BlackElo "2643"]
[Result "1-0"]
[Round "10"]
[TimeControl "180+2"]
[Date "2023.07.11"]
[WhiteClock "0:00:13"]
[BlackClock "0:00:02"]
[Board "35"]

1. d4 Nf6 2. Nf3 d5 3. Bg5 Ne4 4. c3 Nxg5 5. Nxg5 e5 6. Nf3 e4 7. Nfd2 e3 8. fxe3 Bd6 9. g3 Qg5 10. Bg2 h5 11. e4 h4 12. e5 hxg3 13. Nf3 Qe3 14. Rf1 Be7 15. hxg3 Qh6 16. Qd2 Qg6 17. Kf2 Nc6 18. Na3 Bf5 19. Rh1 O-O-O 20. Rxh8 Rxh8 21. Rh1 Rxh1 22. Bxh1 Be4 23. Bg2 a6 24. Ne1 f6 25. Bxe4 dxe4 26. exf6 gxf6 27. Ng2 f5 28. Nc4 Bg5 29. Nf4 Qh6 30. Kg2 Ne7 31. e3 Bxf4 32. exf4 Qh5 33. Ne5 Nd5 34. c4 Nf6 35. d5 Ng4 36. Qd4 Qh2+ 37. Kf1 Qh1+ 38. Ke2 Qg2+ 39. Kd1 Nf2+ 40. Kc1 Qxg3 41. d6 Qxf4+ 42. Kc2 cxd6 43. Qxd6 e3 44. c5 Qa4+ 45. Kc1 Qe8 46. Nd7 e2 47. Nb6# 1-0


[Site "https://www.chess.com"]

[Event "Titled Tuesday Blitz July 11 Late 2023"]
[White "Bjelobrk, Igor"]
[Black "Pinero Rodriguez, Carlos Jose"]
[WhiteFideId "4300726"]
[BlackFideId "3901726"]
[WhiteElo "2640"]
[BlackElo "2450"]
[Result "0-1"]
[Round "10"]
[TimeControl "180+2"]
[Date "2023.07.11"]
[WhiteClock "0:00:41"]
[BlackClock "0:01:45"]
[Board "36"]

1. d4 Nf6 2. c4 e6 3. g3 Bb4+ 4. Bd2 Qe7 5. Bg2 O-O 6. e3 Bxd2+ 7. Nxd2 d6 8. Ne2 e5 9. O-O Re8 10. Nc3 c6 11. b4 Bf5 12. a4 Nbd7 13. b5 e4 14. Rb1 c5 15. dxc5 dxc5 16. Nd5 Nxd5 17. cxd5 Nf6 18. Nc4 b6 19. a5 Rad8 20. d6 Qb7 21. Qa4 Be6 22. Rfd1 Bxc4 23. Qxc4 Re6 24. a6 Qa8 25. d7 Re7 26. Bh3 Qb8 27. Rb2 g5 28. Bf5 Qe5 29. Rbd2 Qxf5 0-1


[Site "https://www.chess.com"]

[Event "Titled Tuesday Blitz July 11 Late 2023"]
[White "Al Mukhaini, Shima"]
[Black "Swayams, Mishra"]
[WhiteFideId "22005854"]
[BlackFideId "5028183"]
[WhiteElo "2365"]
[BlackElo "2626"]
[Result "1-0"]
[Round "10"]
[TimeControl "180+2"]
[Date "2023.07.11"]
[WhiteClock "0:00:07"]
[BlackClock "0:00:07"]
[Board "37"]

1. b3 e5 2. Bb2 d6 3. e3 g6 4. d4 Bg7 5. dxe5 Nc6 6. Nf3 Nge7 7. Be2 O-O 8. O-O Nxe5 9. Nxe5 Bxe5 10. Bxe5 dxe5 11. Qxd8 Rxd8 12. Rd1 Bf5 13. Na3 Nd5 14. Nb5 c6 15. c4 Nxe3 16. fxe3 cxb5 17. cxb5 Bc2 18. Rxd8+ Rxd8 19. Kf2 b6 20. Rc1 Be4 21. Rc7 Rd2 22. Ke1 Rxa2 23. Bc4 Bxg2 24. Rxf7 Kh8 25. h4 Bh3 26. Re7 Bg4 27. e4 Bf3 28. Bd5 Ra5 29. Kf2 Bh1 30. Bc6 a6 31. Ra7 axb5 32. Rb7 Ra3 33. Bd5 Ra2+ 34. Kg3 Rc2 35. Rxb6 Rc5 36. b4 Rc3+ 37. Kh2 Bf3 38. Rxb5 Re3 39. Rb8+ Kg7 40. Re8 Kf6 41. Re6+ Kg7 42. Re7+ Kh6 43. Rxe5 Bg4 44. b5 Rh3+ 45. Kg2 Ra3 46. b6 Ra6 47. b7 Rb6 48. Re8 Rb2+ 49. Kg3 Kh5 50. b8=Q Rxb8 51. Rxb8 h6 52. Bf7 Bd1 53. Rb5# 1-0


[Site "https://www.chess.com"]

[Event "Titled Tuesday Blitz July 11 Late 2023"]
[White "Sala, Giulia"]
[Black "Fiorito, Joaquin"]
[WhiteFideId "2840451"]
[BlackFideId "180173"]
[WhiteElo "2288"]
[BlackElo "2617"]
[Result "0-1"]
[Round "10"]
[TimeControl "180+2"]
[Date "2023.07.11"]
[WhiteClock "0:01:15"]
[BlackClock "0:00:35"]
[Board "38"]

1. d4 Nf6 2. Bf4 d5 3. e3 c5 4. dxc5 e6 5. b4 a5 6. c3 Bd7 7. Nd2 b6 8. cxb6 axb4 9. cxb4 Bxb4 10. Bc7 Qe7 11. b7 Ra3 12. Bxb8 O-O 13. Be5 Ba4 14. Qb1 Ne4 15. Nf3 Qc5 16. Bd3 Nxd2 17. Nxd2 d4 18. exd4 Qc3 19. Qc1 Qxd3 20. Rb1 Bxd2+ 21. Qxd2 Qxb1+ 22. Ke2 Bb5+ 23. Qd3 Bxd3+ 0-1


[Site "https://www.chess.com"]

[Event "Titled Tuesday Blitz July 11 Late 2023"]
[White "FromTexas54"]
[Black "Vujacic, Igor"]
[BlackFideId "932620"]
[WhiteElo "2564"]
[BlackElo "2262"]
[Result "1-0"]
[Round "10"]
[TimeControl "180+2"]
[Date "2023.07.11"]
[WhiteClock "0:00:15"]
[BlackClock "0:00:00"]
[Board "39"]

1. Nf3 d5 2. g3 Bg4 3. Bg2 Nd7 4. c4 e6 5. O-O c6 6. b3 Ngf6 7. Bb2 Be7 8. d3 O-O 9. Nbd2 a5 10. a3 Ne8 11. Qc2 Bf6 12. Rad1 Bxb2 13. Qxb2 Qf6 14. Qxf6 Nexf6 15. h3 Bxf3 16. Bxf3 Rfe8 17. Rb1 Kf8 18. Rfc1 Ke7 19. Kf1 Kd6 20. h4 h6 21. e3 Ra7 22. Rc2 Rea8 23. Rbc1 Ra6 24. Be2 R6a7 25. Bf3 Ra6 26. Be2 R6a7 27. Nf3 Re8 28. Ne1 Raa8 29. Ng2 Rec8 30. Nf4 Rc7 31. c5+ Ke7 32. d4 e5 33. Nd3 exd4 34. exd4 Kf8 35. Bf3 Rcc8 36. Rb2 Ne4 37. Re2 Re8 38. Bg2 Nef6 39. Rxe8+ Rxe8 40. b4 axb4 41. axb4 Ra8 42. b5 Ra4 43. bxc6 bxc6 44. Ne5 Nxe5 45. dxe5 Ng4 46. f4 Ra3 47. Rb1 Rxg3 48. Rb8+ Ke7 49. Rb7+ Ke6 50. Rc7 d4 51. Rxc6+ Kf5 52. Bd5 Ne3+ 53. Kf2 Nxd5 54. Kxg3 d3 55. Rd6 Ke4 56. Kf2 d2 57. Ke2 Nxf4+ 58. Kxd2 Kxe5 59. Rd7 Ke6 60. c6 Nd5 61. Rxd5 1-0


[Site "https://www.chess.com"]

[Event "Titled Tuesday Blitz July 11 Late 2023"]
[White "SicilianPanzer"]
[Black "Pranav, V"]
[BlackFideId "25060783"]
[WhiteElo "2302"]
[BlackElo "2923"]
[Result "0-1"]
[Round "10"]
[TimeControl "180+2"]
[Date "2023.07.11"]
[WhiteClock "0:00:02"]
[BlackClock "0:01:08"]
[Board "40"]

1. e4 e5 2. Nc3 Nc6 3. Bc4 Nf6 4. d3 Bc5 5. f4 d5 6. Nxd5 Be6 7. Nf3 Nxd5 8. exd5 Bxd5 9. Qe2 O-O 10. Bxd5 Qxd5 11. fxe5 Rae8 12. Bf4 f6 13. Qe4 Qe6 14. Be3 f5 15. Qf4 Be7 16. O-O Nb4 17. Nd4 Qd7 18. a3 Nd5 19. Qf3 f4 20. Bf2 Bc5 21. c3 c6 22. Rfe1 Qf7 23. e6 Qg6 24. Re5 Bxd4 25. Bxd4 Rxe6 26. Rae1 Rxe5 27. Rxe5 Qd6 28. Re4 Qd7 29. h3 h6 30. Bc5 Rf7 31. c4 Nc7 32. Rxf4 Rxf4 33. Qxf4 Ne6 34. Qe5 Kf7 35. Bf2 Qxd3 36. Kh2 Qxc4 37. Qf5+ Ke7 38. Qg6 b6 39. Bg3 Qd4 40. Qf5 Qxb2 41. Bh4+ g5 42. Bg3 Qf6 43. Qh7+ Qf7 44. Qd3 Nf4 45. Qe4+ Qe6 46. Qh7+ Kd6 47. Qxa7 Kc5 48. Qb8 Qe4 49. Qf8+ Kb5 50. Qxh6 Qxg2# 0-1


[Site "https://www.chess.com"]

[Event "Titled Tuesday Blitz July 11 Late 2023"]
[White "Tanenbaum, Zachary"]
[Black "Chor, Kevin"]
[WhiteFideId "2060850"]
[BlackFideId "2090740"]
[WhiteElo "2737"]
[BlackElo "2540"]
[Result "0-1"]
[Round "10"]
[TimeControl "180+2"]
[Date "2023.07.11"]
[WhiteClock "0:00:02"]
[BlackClock "0:00:04"]
[Board "41"]

1. e4 c5 2. Nf3 Nc6 3. Nc3 g6 4. d4 cxd4 5. Nxd4 Bg7 6. Be3 Nf6 7. Bc4 O-O 8. Bb3 d5 9. exd5 Na5 10. h3 Nxb3 11. Nxb3 b6 12. Qd2 Bb7 13. O-O-O Qc8 14. Bh6 Rd8 15. Rhe1 Nxd5 16. Bxg7 Kxg7 17. Qd4+ Kg8 18. Ne4 Nf4 19. Nf6+ exf6 20. Qxf4 Rxd1+ 21. Rxd1 f5 22. h4 Bxg2 23. f3 Qb7 24. Nd4 Rd8 25. Qg3 Qa6 26. Qxg2 Qxa2 27. c3 a5 28. Qc2 a4 29. Nb5 Rc8 30. Qb1 Qc4 31. Nd4 a3 32. Qd3 Qa2 33. Qb1 Qc4 34. Kd2 a2 35. Qd3 Qa4 36. Ra1 Rd8 37. Qc2 Qc4 38. b3 Rxd4+ 39. Ke3 Qc5 40. Ke2 Rxh4 41. Kf1 Rh1+ 42. Kg2 Rxa1 43. Qd2 Rg1+ 44. Kh2 a1=Q 45. b4 Qe5+ 46. f4 Qee1 47. Qd8+ Kg7 48. Qd4+ Kh6 49. Qxg1 Qxg1+ 50. Kh3 Qh1+ 51. Kg3 Qag1# 0-1


[Site "https://www.chess.com"]

[Event "Titled Tuesday Blitz July 11 Late 2023"]
[White "Rozman, Levy"]
[Black "Michalczak, Thomas"]
[WhiteFideId "2039877"]
[BlackFideId "4622634"]
[WhiteElo "2735"]
[BlackElo "2534"]
[Result "1-0"]
[Round "10"]
[TimeControl "180+2"]
[Date "2023.07.11"]
[WhiteClock "0:00:16"]
[BlackClock "0:00:00"]
[Board "42"]

1. e4 e5 2. Nf3 Nc6 3. c3 d5 4. Qa4 Bd7 5. exd5 Nd4 6. Qd1 Nxf3+ 7. Qxf3 Bd6 8. Bc4 b5 9. Bb3 Nf6 10. d3 O-O 11. O-O a5 12. Bg5 a4 13. Bc2 h6 14. Bxf6 Qxf6 15. Qxf6 gxf6 16. Nd2 f5 17. Rfe1 f6 18. Nf3 Kf7 19. Nh4 Rg8 20. Kf1 Rg4 21. g3 Rag8 22. Bd1 R4g5 23. b3 Ba3 24. Rb1 axb3 25. axb3 Bd6 26. c4 f4 27. Bf3 fxg3 28. hxg3 f5 29. Rbc1 bxc4 30. bxc4 e4 31. dxe4 fxe4 32. Bxe4 Bh3+ 33. Bg2 Bd7 34. Nf3 Rf5 35. c5 Bf8 36. Re5 Rxe5 37. Nxe5+ Ke8 38. Ra1 Ke7 39. Ra7 Kd8 40. Ra8+ Ke7 41. Nxd7 Kxd7 42. Bh3+ Ke7 43. Be6 Rg5 44. Rc8 Bg7 45. Rxc7+ Kf6 46. Rf7+ Kg6 47. c6 Re5 48. c7 1-0


[Site "https://www.chess.com"]

[Event "Titled Tuesday Blitz July 11 Late 2023"]
[White "Jarovinsky, Alexey"]
[Black "ArchibaldCerveza29"]
[WhiteFideId "14115131"]
[WhiteElo "2707"]
[BlackElo "2533"]
[Result "1-0"]
[Round "10"]
[TimeControl "180+2"]
[Date "2023.07.11"]
[WhiteClock "0:00:08"]
[BlackClock "0:00:23"]
[Board "43"]

1. Nc3 d5 2. e4 dxe4 3. Nxe4 Bf5 4. Qf3 Qc8 5. Ne2 Nf6 6. N2g3 Bg4 7. Qb3 Nbd7 8. d4 e6 9. h3 Nxe4 10. hxg4 Nxg3 11. Qxg3 Bd6 12. Bf4 Bxf4 13. Qxf4 Nf6 14. O-O-O Qd7 15. g5 Nd5 16. Qe5 f6 17. gxf6 gxf6 18. Qh5+ Qf7 19. Bc4 Qxh5 20. Rxh5 c6 21. Bxd5 cxd5 22. Rdh1 Kd7 23. Rxh7+ Rxh7 24. Rxh7+ Kc6 25. Re7 Kd6 26. Rxb7 Rg8 27. g3 Rh8 28. Kd2 Rh2 29. Ke3 Rh1 30. Rxa7 e5 31. Ra6+ Ke7 32. dxe5 fxe5 33. c3 Re1+ 34. Kd2 Rb1 35. Rb6 Rf1 36. Ke2 Ra1 37. a3 Kd7 38. g4 Rg1 39. Kf3 e4+ 40. Kf4 Rg2 41. Ke3 Rxg4 42. c4 dxc4 43. Rb4 Kd6 44. Rxc4 Kd5 45. Rd4+ Ke5 46. f3 Rg1 47. Rxe4+ Kf6 48. Rb4 Ke7 49. Kf4 Kf7 50. a4 Kg7 51. b3 Rh1 52. Rb5 Kf7 53. a5 Rg1 54. b4 Rg2 55. Rb6 Kg7 56. a6 Re2 57. b5 Re7 58. Rb7 Kf6 59. Rxe7 Kg6 60. a7 Kh6 1-0


[Site "https://www.chess.com"]

[Event "Titled Tuesday Blitz July 11 Late 2023"]
[White "Jovic, Stanoje"]
[Black "2KRK1"]
[WhiteFideId "905020"]
[WhiteElo "2530"]
[BlackElo "2679"]
[Result "1-0"]
[Round "10"]
[TimeControl "180+2"]
[Date "2023.07.11"]
[WhiteClock "0:00:50"]
[BlackClock "0:00:02"]
[Board "44"]

1. c4 d6 2. g3 e5 3. Bg2 f5 4. Nc3 Nf6 5. Nf3 Be7 6. O-O O-O 7. d4 Nc6 8. d5 Nb8 9. Ng5 c6 10. e4 Nxe4 11. Ngxe4 fxe4 12. Bxe4 Bf5 13. Bxf5 Rxf5 14. Qg4 Rf7 15. Be3 Qd7 16. Qe4 Qf5 17. Rfd1 c5 18. a3 Nd7 19. b4 Rc8 20. bxc5 Nxc5 21. Qxf5 Rxf5 22. Rab1 b6 23. Nb5 Nd7 24. Rdc1 Rf7 25. Nxa7 Ra8 26. Nb5 Bf8 27. Kg2 Ra6 28. Rb3 Nc5 29. Bxc5 bxc5 30. Nc3 Rfa7 31. a4 Be7 32. Rcb1 e4 33. Rb7 Bf6 34. Nxe4 Rxb7 35. Rxb7 Rxa4 36. Nxd6 Be5 37. Rb8# 1-0


[Site "https://www.chess.com"]

[Event "Titled Tuesday Blitz July 11 Late 2023"]
[White "Palencia Morales, Wilson Guillermo"]
[Black "Goryachkina, Aleksandra"]
[WhiteFideId "4401859"]
[BlackFideId "4147103"]
[WhiteElo "2530"]
[BlackElo "2666"]
[Result "1-0"]
[Round "10"]
[TimeControl "180+2"]
[Date "2023.07.11"]
[WhiteClock "0:00:15"]
[BlackClock "0:00:00"]
[Board "45"]

1. e4 c5 2. Ne2 Nc6 3. d4 cxd4 4. Nxd4 Nf6 5. Nc3 e5 6. Ndb5 d6 7. Bg5 a6 8. Na3 b5 9. Nd5 Be7 10. Bxf6 Bxf6 11. c4 b4 12. Nc2 O-O 13. g3 a5 14. Bg2 Be7 15. O-O Be6 16. Qd3 Qb8 17. Rad1 Rd8 18. f4 f6 19. Nce3 Bf8 20. Rd2 Nd4 21. Nc2 Nxc2 22. Rxc2 Qa7+ 23. Kh1 Qc5 24. fxe5 dxe5 25. Qe2 a4 26. Qh5 b3 27. axb3 axb3 28. Rc3 Rab8 29. Bh3 Bf7 30. Qh4 Rd6 31. Bf5 h6 32. Qg4 Ra6 33. Bg6 Bxd5 34. exd5 Qd4 35. Be4 1-0


[Site "https://www.chess.com"]

[Event "Titled Tuesday Blitz July 11 Late 2023"]
[White "Vovk, Orest"]
[Black "Shuvalova, Polina"]
[WhiteFideId "14113490"]
[BlackFideId "24171760"]
[WhiteElo "2533"]
[BlackElo "2661"]
[Result "0-1"]
[Round "10"]
[TimeControl "180+2"]
[Date "2023.07.11"]
[WhiteClock "0:00:00"]
[BlackClock "0:00:20"]
[Board "46"]

1. g4 d5 2. h3 e5 3. Bg2 c6 4. d4 e4 5. c4 Be6 6. Nc3 h5 7. Qb3 Qb6 8. g5 Ne7 9. c5 Qc7 10. Bf4 Qxf4 11. Qxb7 Bc8 12. Qxa8 Qc7 13. b4 a6 14. b5 axb5 15. e3 Bb7 16. Qa3 Ng6 17. h4 Be7 18. Nge2 Na6 19. Qb3 Qa5 20. a4 O-O 21. Ra2 Nb4 22. Rd2 Nd3+ 23. Rxd3 exd3 24. Nc1 bxa4 25. Qa3 Ba6 26. Bf1 Rb8 27. Nxd3 Rb3 28. Qxa4 Qxc3+ 29. Ke2 Bxd3+ 30. Kf3 Be4+ 31. Kg3 Bxh1 32. Qxc6 Qe1 33. Ba6 Qg1+ 0-1


[Site "https://www.chess.com"]

[Event "Titled Tuesday Blitz July 11 Late 2023"]
[White "Nefedov, Sergey"]
[Black "Womacka, Mathias"]
[WhiteFideId "24113417"]
[BlackFideId "4611390"]
[WhiteElo "2648"]
[BlackElo "2516"]
[Result "0-1"]
[Round "10"]
[TimeControl "180+2"]
[Date "2023.07.11"]
[WhiteClock "0:00:16"]
[BlackClock "0:00:13"]
[Board "47"]

1. d4 Nf6 2. Nf3 e6 3. Bf4 c5 4. e3 d5 5. c3 Bd6 6. Bg3 O-O 7. Nbd2 Qc7 8. Bd3 Nbd7 9. O-O b6 10. e4 cxd4 11. Nxd4 Bxg3 12. hxg3 Nc5 13. Qe2 dxe4 14. Nxe4 Nfxe4 15. Bxe4 Ba6 16. c4 Nxe4 17. Qxe4 Qxc4 18. Rfc1 Qd3 19. Qxd3 Bxd3 20. Rc7 Rfc8 21. Rac1 Rxc7 22. Rxc7 Kf8 23. f3 Bb1 24. a3 g5 25. b4 Rd8 26. Nc6 Rd1+ 27. Kh2 a5 28. bxa5 bxa5 29. Nxa5 Rd3 30. Nc4 Rc3 31. a4 Bd3 32. Rc8+ Ke7 33. Nb6 Rxc8 34. Nxc8+ Kd7 35. Nb6+ Kc6 36. a5 Kb5 37. Nd7 Kxa5 38. Ne5 Bg6 39. Kh3 f6 40. Nd7 f5 41. f4 h6 42. Nf8 Bf7 43. Nh7 g4+ 44. Kh2 Kb6 45. Kg1 Kc6 46. Kf2 Kd6 47. Ke3 Ke7 48. Kd4 Bg6 49. Ng5 hxg5 50. fxg5 Kd6 0-1


[Site "https://www.chess.com"]

[Event "Titled Tuesday Blitz July 11 Late 2023"]
[White "Adewumi, Tanitoluwa"]
[Black "Forgacs, Attila Jr."]
[WhiteFideId "30966396"]
[BlackFideId "773654"]
[WhiteElo "2648"]
[BlackElo "2522"]
[Result "0-1"]
[Round "10"]
[TimeControl "180+2"]
[Date "2023.07.11"]
[WhiteClock "0:00:03"]
[BlackClock "0:00:04"]
[Board "48"]

1. a3 e5 2. b4 a5 3. Bb2 axb4 4. axb4 Rxa1 5. Bxa1 d6 6. e3 Nf6 7. Nf3 Nc6 8. b5 Ne7 9. c4 c6 10. Be2 h6 11. O-O Be6 12. d4 e4 13. Nfd2 d5 14. bxc6 bxc6 15. cxd5 cxd5 16. Qa4+ Bd7 17. Qb3 g5 18. Nc3 Bg7 19. f3 exf3 20. Bxf3 Be6 21. Qb5+ Qd7 22. Qb8+ Qd8 23. Qb7 O-O 24. Bb2 Qb8 25. Qxb8 Rxb8 26. Ba3 Nf5 27. Re1 g4 28. Bd1 h5 29. Bc2 Bh6 30. Nf1 h4 31. Re2 g3 32. hxg3 Nxg3 33. Nxg3 hxg3 34. Bd6 Rc8 35. Bc5 Bg4 36. Re1 Re8 37. e4 dxe4 38. Nxe4 Nxe4 39. Bxe4 Bf5 40. d5 Rxe4 41. Rf1 Re5 42. Bd6 Rxd5 43. Bxg3 Be3+ 44. Kh2 Bd3 45. Rf3 Rh5+ 46. Bh4 Rxh4+ 47. Kg3 Bg5 48. Rxd3 f6 49. Rd8+ Kg7 50. Rd7+ Kg6 51. Kf3 Ra4 52. g3 Ra3+ 53. Kg2 Ra5 54. Rd3 Kf5 55. Kf3 Re5 56. Rb3 Ke6 57. Rb6+ Kd5 58. Rb5+ Kd4 59. Rb4+ Kd3 60. Rb3+ Kc2 61. Rb4 Re3+ 62. Kg4 Kd3 63. Rb3+ Ke2 64. Rb2+ Kf1 65. Rb1+ Kf2 66. Rb2+ Re2 67. Rb3 Re4+ 68. Kh3 Re7 69. Rb2+ Kf3 70. Rb4 Rh7+ 71. Rh4 Bxh4 72. g4 Bg5# 0-1


[Site "https://www.chess.com"]